 Dungeon Crawl Stone Soup version 0.18-a0-1186-gd02dc51 (webtiles) character file.

5931 Kidiri the Thaumaturge (level 10, -5/56 HPs)
             Began as a Deep Elf Conjurer on Jan 28, 2016.
             Was a Priest of Vehumet.
             Slain by an orc warrior
             ... wielding a +0 hand axe
              (10 damage)
             ... on level 10 of the Dungeon.
             The game lasted 00:46:05 (14278 turns).

Kidiri the Thaumaturge (Deep Elf Conjurer)         Turns: 14278, Time: 00:46:06

Health: -5/56      AC: 10    Str:  5    XL:     10   Next: 54%
Magic:  7/25       EV: 16    Int: 27    God:    Vehumet [***...]
Gold:   509        SH:  0    Dex: 15    Spells: 9 memorised, 4 levels left

rFire  . . .     SeeInvis .     l - +1 dagger (venom)
rCold  . . .     Gourm    .     S - +3 leather armour
rNeg   . . .     Faith    .     (no shield)
rPois  .         Spirit   .     f - +1 helmet
rElec  .         Dismiss  .     K - +0 cloak
rCorr  .         Reflect  .     a - +0 pair of gloves
SustAt .         Harm     .     (no boots)
MR     +....                    (no amulet)
Stlth  ++++......               t - ring of stealth
                                o - +3 ring of intelligence

@: lethally poisoned (-5 -> -8), somewhat resistant to hostile enchantments,
stealthy
A: talons 1
a: Renounce Religion


You were on level 10 of the Dungeon.
You worshipped Vehumet.
Vehumet was most pleased with you.
You were full.

You visited 2 branches of the dungeon, and saw 11 of its levels.

You collected 509 gold pieces.

Inventory:

Hand Weapons
 l - a +1 dagger of venom (weapon)
Armour
 a - a +0 pair of gloves (worn)
 f - a +1 helmet (worn)
 G - a +2 robe of fire resistance
 J - a +2 leather armour of cold resistance
 K - a +0 cloak (worn)
 S - a +3 leather armour (worn)
 T - a +0 scale mail of positive energy
Magical Staves
 g - an uncursed staff of power
 z - an uncursed staff of cold
 C - an uncursed staff of energy
Jewellery
 o - a +3 ring of intelligence (left hand)
 s - an uncursed ring of positive energy
 t - a ring of stealth (right hand)
 B - an uncursed ring of protection from magic
 H - an uncursed ring of resist corrosion
Wands
 i - a wand of paralysis (15/24)
 n - a wand of teleportation (4/9)
 q - a wand of magic darts (6/48)
 F - a wand of confusion (26/48)
 M - a wand of digging (18/24)
 N - a wand of frost (30/48)
Scrolls
 h - a scroll of fog
 p - 10 scrolls of remove curse
 x - a scroll of acquirement {unknown}
 y - 3 scrolls of amnesia
 A - 3 scrolls of teleportation
 L - 2 scrolls of enchant armour
 O - a scroll of magic mapping
 P - a scroll of summoning
Potions
 e - a potion of invisibility
 j - 3 potions of magic
 k - 2 potions of ambrosia
 m - 3 potions of flight
 r - a potion of cure mutation
 v - a potion of berserk rage
 w - 2 potions of poison
Books
 b - a book of Conjurations

   Spells                             Type                      Level
   a - Magic Dart                     Conjuration                  1
   b - Searing Ray                    Conjuration                  2
   c - Dazzling Spray                 Conjuration/Hexes            3
   d - Fulminant Prism                Conjuration/Hexes            4
   e - Iskenderun's Mystic Blast      Conjuration                  4
   f - Iskenderun's Battlesphere      Conjuration/Charms           5
Miscellaneous
 Q - a phial of floods
Comestibles
 c - 4 bread rations
 d - 12 fruits
 u - a royal jelly
 R - 3 chunks of flesh


   Skills:
 + Level 3.6 Fighting
 + Level 3.6 Staves
 + Level 3.5 Armour
 * Level 8.5 Dodging
 + Level 6.2 Stealth
 * Level 9.7 Spellcasting
 + Level 7.1 Conjurations
 + Level 5.6 Hexes
 + Level 4.4 Charms
 + Level 0.0 Fire Magic
 + Level 1.4 Air Magic
 + Level 2.4 Earth Magic
 + Level 4.0 Evocations


You had 4 spell levels left.
You knew the following spells:

 Your Spells              Type           Power        Failure   Level  Hunger
a - Magic Dart            Conj           ####         1%          1    None
b - Searing Ray           Conj           ######       1%          2    None
c - Dazzling Spray        Conj/Hex       #####...     1%          3    None
d - Iskenderun's Mystic   Conj           ######..     1%          4    None
e - Fulminant Prism       Conj/Hex       #####.....   1%          4    None
f - Iskenderun's Battles  Conj/Chrm      #####...     5%          5    ####...
g - Sandblast             Erth           ####..       1%          1    None
h - Shock                 Conj/Air       ####         1%          1    None
i - Conjure Flame         Conj/Fire      ####....     2%          3    None


Dungeon Overview and Level Annotations

Branches:
Dungeon (10/15)            Temple (1/1) D:7            Lair (0/8) D:10
    Orc (0/2) D:9

Altars:
Ashenzari
Cheibriados
Dithmenos
Elyvilon
Fedhas
Gozag
Kikubaaqudgha
Makhleb
Nemelex Xobeh
Okawaru
Pakellas
Qazlal
Ru
Sif Muna
Trog
Vehumet
Xom
Yredelemnul
Zin
The Shining One

Annotations:
D:6 dvd's ghost, novice DDAr


Innate Abilities, Weirdness & Mutations

You have sharp toenails.


Message History

Unknown command.
Read which item? (? for menu, Esc to quit)
Okay, then.
Unknown command.
Drink which item? (? for menu, Esc to quit)
Okay, then.
You hit something but do no damage.
You feel less woody.
Your +0 cloak unmelds from your body.
Your +1 helmet unmelds from your body.
Your +0 pair of gloves unmelds from your body.
Your +3 leather armour unmelds from your body.
Something hits you.
* * * LOW HITPOINT WARNING * * *
Something bites you.
* * * LOW HITPOINT WARNING * * *
Something draws strength from your injuries!
The orc wizard mumbles some strange words.
The orc wizard seems to speed up.
The orc warrior hits you with a hand axe!
You die...

#... #... #... #o....
.######.#.#)######
........#.#....<.#
).......#.##o##..#+##
........#...oo#.....#
........#'###{@.....#
...........##.#.....#
............#.......#
#######....P..........
..# ####...P..PP.P#.....
..###....P..............
..+.....P..PPPPP...##...
..###...P.PPPP.P..P.....
..# ##.P.P.PPP.P....#


You could see an orc warrior and 2 orc wizards.

Vanquished Creatures
  Erolcha (D:9)
  Psyche (D:8)
  A two-headed ogre (D:8)
  A wyvern (D:8)
  Eustachio (D:6)
  A hungry ghost (D:9)
  2 hippogriffs (D:8)
  Edmund (D:6)
  Menkaure (D:7)
  A water moccasin (D:6)
  3 orc warriors
  2 ice beasts
  A wasp (D:8)
  An ogre (D:8)
  A centaur (D:5)
  2 big kobolds
  3 giant frogs
  2 scorpions
  A jelly (D:8)
  17 killer bees
  3 wights (D:6)
  2 crimson imps (D:7)
  A centaur zombie (D:8)
  8 hounds
  A quasit (D:9)
  9 orc priests
  3 centaur skeletons
  A giant frog skeleton (D:4)
  8 orc wizards
  Crazy Yiuf (D:6)
  Terence (D:3)
  7 worker ants
  Natasha (thrice) (D:3)
  6 iguanas
  A statue (D:5)
  3 worker ant zombies
  Robin (D:4)
  11 adders
  A gnoll (D:1)
  A shadow imp (D:8)
  An ooze (D:5)
  An adder skeleton (D:8)
  A worm (D:2)
  6 giant geckos
  39 orcs
  2 giant cockroaches
  16 goblins
  7 hobgoblins
  4 jackals
  30 kobolds
  7 quokkas
  3 bats
  A giant gecko skeleton (D:5)
  4 giant newts
  A jackal skeleton (D:4)
  A quokka skeleton (D:4)
  11 rats
  4 butterflies (D:7)
255 creatures vanquished.

Vanquished Creatures (others)
  7 fulminant prisms
7 creatures vanquished.

Grand Total: 262 creatures vanquished

Notes
Turn   | Place    | Note
--------------------------------------------------------------
     0 | D:1      | Kidiri the Deep Elf Conjurer began the quest for the Orb.
     0 | D:1      | Reached XP level 1. HP: 10/10 MP: 6/6
   323 | D:1      | Reached XP level 2. HP: 15/15 MP: 5/8
   328 | D:1      | Learned a level 2 spell: Searing Ray
   752 | D:1      | Found a glowing golden altar of the Shining One.
   957 | D:2      | Reached XP level 3. HP: 19/19 MP: 7/10
   968 | D:1      | Learned a level 3 spell: Dazzling Spray
  1770 | D:2      | Reached XP level 4. HP: 24/24 MP: 8/11
  1776 | D:2      | Learned a level 4 spell: Iskenderun's Mystic Blast
  1825 | D:2      | Reached skill level 1 in Fighting
  2110 | D:3      | Found a sacrificial altar of Ru.
  2189 | D:3      | Noticed Natasha
  2198 | D:3      | Killed Natasha
  2256 | D:3      | Noticed Natasha
  2264 | D:3      | Killed Natasha
  2264 | D:3      | Reached skill level 1 in Hexes
  2427 | D:3      | Noticed Natasha
  2432 | D:3      | Noticed Terence
  2437 | D:3      | Killed Natasha
  2451 | D:3      | Killed Terence
  2451 | D:3      | Reached skill level 1 in Armour
  2451 | D:3      | Reached XP level 5. HP: 13/29 MP: 1/13
  2716 | D:3      | Found a stormy altar of Qazlal.
  3220 | D:4      | Noticed Robin
  3294 | D:4      | Killed Robin
  4111 | D:4      | Reached skill level 5 in Conjurations
  4111 | D:4      | Reached XP level 6. HP: 8/34 MP: 7/15
  4117 | D:4      | Learned a level 4 spell: Fulminant Prism
  4409 | D:4      | Reached skill level 5 in Spellcasting
  4654 | D:4      | Reached skill level 5 in Dodging
  5015 | D:5      | Entered Level 5 of the Dungeon
  5038 | D:4      | Reached skill level 1 in Staves
  5359 | D:5      | Reached XP level 7. HP: 38/38 MP: 11/17
  5790 | D:5      | Reached skill level 1 in Evocations
  6100 | D:5      | Found a radiant altar of Vehumet.
  6118 | D:5      | Became a worshipper of Vehumet
  6175 | D:5      | Reached skill level 6 in Spellcasting
  6898 | D:6      | Noticed Edmund
  6914 | D:6      | Killed Edmund
  6914 | D:6      | Reached XP level 8. HP: 17/44 MP: 17/19
  7163 | D:6      | Noticed Eustachio
  7184 | D:6      | Killed Eustachio
  7280 | D:6      | Noticed Crazy Yiuf
  7292 | D:6      | Killed Crazy Yiuf
  7490 | D:6      | Learned a level 5 spell: Iskenderun's Battlesphere
  7753 | D:6      | Reached skill level 1 in Charms
  7766 | D:6      | Reached skill level 7 in Spellcasting
  8154 | D:6      | Noticed dvd's ghost (novice DDAr)
  8549 | D:7      | Found a staircase to the Ecumenical Temple.
  8604 | Temple   | Entered the Ecumenical Temple
  8863 | D:7      | Noticed Menkaure
  8867 | D:7      | Killed Menkaure
  9412 | D:7      | Reached XP level 9. HP: 49/49 MP: 18/22
 10089 | D:8      | Reached skill level 8 in Spellcasting
 10173 | D:8      | Reached * piety under Vehumet
 10173 | D:8      | Offered knowledge of Sandblast by Vehumet.
 10227 | D:8      | Found a burning altar of Makhleb.
 10357 | D:8      | Learned a level 1 spell: Sandblast
 10620 | D:8      | Reached skill level 5 in Stealth
 10720 | D:8      | Noticed Psyche
 10743 | D:8      | Killed Psyche
 10743 | D:8      | Reached skill level 1 in Earth Magic
 11063 | D:8      | Reached skill level 9 in Spellcasting
 11243 | D:8      | Reached skill level 5 in Hexes
 11583 | D:8      | Found a sparkling altar of Nemelex Xobeh.
 11586 | D:8      | Found a shattered altar of Ashenzari.
 11586 | D:8      | Found an opulent altar of Gozag.
 11618 | D:8      | Offered knowledge of Shock by Vehumet.
 11626 | D:8      | Reached ** piety under Vehumet
 11626 | D:8      | Reached XP level 10. HP: 51/56 MP: 7/25
 11629 | D:8      | Learned a level 1 spell: Shock
 11721 | D:8      | Found a shadowy altar of Dithmenos.
 12703 | D:9      | Noticed Erolcha
 12712 | D:9      | Reached skill level 1 in Air Magic
 12720 | D:9      | Killed Erolcha
 12903 | D:9      | Gained mutation: You are resistant to electric shocks. [potion of beneficial mutation]
 13341 | D:9      | Offered knowledge of Conjure Flame by Vehumet.
 13492 | D:9      | Found a staircase to the Orcish Mines.
 13689 | D:9      | Reached *** piety under Vehumet
 13757 | D:9      | Learned a level 3 spell: Conjure Flame
 14041 | D:10     | Entered Level 10 of the Dungeon
 14068 | D:10     | Gained mutation: You have sharp toenails. [potion of mutation]
 14068 | D:10     | Gained mutation: Your magical capacity is low (-10% MP). [potion of mutation]
 14075 | D:10     | Found a staircase to the Lair.
 14263 | D:10     | Lost mutation: Your magical capacity is low (-10% MP). [potion of cure mutation]
 14263 | D:10     | Lost mutation: You are resistant to electric shocks. [potion of cure mutation]
 14265 | D:10     | HP: 2/56 [poison (a potion of poison)]
 14278 | D:10     | Slain by an orc warrior

Vault maps used:
D:1:      dpeg_arrival_simpleton_a, tso_metal_star
D:2:      first_bread
D:3:      old_standard_altar, grunt_qazlal_clouds, minmay_misc_feat_plants,
          uniq_natasha, uniq_terence
D:4:      minmay_misc_feat_cross, uniq_robin
D:5:      kennysheep_kobold_camp, vehumet_statue
D:6:      uniq_eustachio, uniq_crazy_yiuf_cottage, uniq_edmund
D:7:      minmay_temple_entry_butterflies, uniq_menkaure
D:8:      grunt_temple_overflow_open, bloody_makhleb, uniq_psyche
D:9:      hiddenorc1_lemuel, blue_anna_alchemist, uniq_erolcha
D:10:     minmay_twisted_water, due_lair_maze_entry_diamond, basic_altar
Temple:   chambers_temple_12

Action                   |  1- 3 |  4- 6 |  7- 9 | 10-12 || total
-------------------------+-------+-------+-------+-------++-------
Melee: Unarmed           |     3 |       |       |       ||     3
       Dagger            |       |    49 |    39 |    15 ||   103
       Staff             |       |       |    29 |    16 ||    45
 Cast: Magic Dart        |    63 |    95 |   237 |   119 ||   514
       Dazzling Spray    |     3 |    11 |    70 |    42 ||   126
       Searing Ray       |       |     3 |     6 |     2 ||    11
       Fulminant Prism   |       |       |     4 |     3 ||     7
       Iskenderun's Myst |       |       |     3 |       ||     3
       Shock             |       |       |       |    10 ||    10
       Conjure Flame     |       |       |       |     1 ||     1
       Iskenderun's Batt |       |       |       |     1 ||     1
  Use: Scroll            |     7 |     2 |     8 |     3 ||    20
       Potion            |       |       |       |     9 ||     9
 Stab: Sleeping          |       |     2 |     1 |       ||     3
       Invisible         |       |     1 |     5 |       ||     6
  Eat: Chunk             |     2 |     7 |    10 |     1 ||    20
       Meat ration       |       |     1 |     1 |       ||     2
       Royal jelly       |       |       |     1 |       ||     1
       Pizza             |       |       |     1 |       ||     1
       Beef jerky        |       |       |     1 |       ||     1
       Fruit             |       |       |       |    12 ||    12
       Bread ration      |       |       |       |     1 ||     1
